Workbook

Sheet Лист1
A1: Информация о плановых ассигнованиях и кассовом исполнении расходов консолидированного бюджета Томской области на реализацию региональных проектов Томской области по состоянию на 01.01.2023
U3: (тыс. рублей)
A4: № п/п | B4: Наименование | C4: Код ГРБС | D4: Наименование ГРБС | E4: Код целевой статьи областного бюджета | F4: 2022 год | J4: 2022 год | N4: 2023 год | R4: 2024 год | V4: % исполнения
F5: Плановые ассигнования*, в том числе | J5: Кассовое исполнение, в том числе | N5: Плановые ассигнования*, в том числе | R5: Плановые ассигнования*, в том числе
F6: ИТОГО | G6: за счет средств областного бюджета | H6: за счет средств федерального бюджета | I6: за счет средств местных бюджетов** | J6: ИТОГО | K6: за счет средств областного бюджета | L6: за счет средств федерального бюджета | M6: за счет средств местных бюджетов** | N6: ИТОГО | O6: за счет средств областного бюджета | P6: за счет средств федерального бюджета | Q6: за счет средств местных бюджетов | R6: ИТОГО | S6: за счет средств областного бюджета | T6: за счет средств федерального бюджета | U6: за счет средств местных бюджетов
A7: 1 | B7: 2 | C7: 3 | D7: 4 | E7: 5 | F7: 6 | G7: 7 | H7: 8 | I7: 9 | J7: 10 | K7: 11 | L7: 12 | M7: 13 | N7: 14 | O7: 15 | P7: 16 | Q7: 17 | R7: 18 | S7: 19 | T7: 20 | U7: 21 | V7: 22
B8: ВСЕГО: | F8: =G8+H8+I8 -> 18035376 | G8: =G9+G37+G69+G109+G118+G134+G147+G164+G185+G203+G211 -> 5643838.1 | H8: =H9+H37+H69+H109+H118+H134+H147+H164+H185+H203+H211 -> 11787991 | I8: =I9+I37+I69+I109+I118+I134+I147+I164+I185+I203+I211 -> 603547 | J8: =K8+L8+M8 -> 14573120 | K8: =K9+K37+K69+K109+K118+K134+K147+K164+K185+K203+K211 -> 5352246.9 | L8: =L9+L37+L69+L109+L118+L134+L147+L164+L185+L203+L211 -> 8716234 | M8: =M9+M37+M69+M109+M118+M134+M147+M164+M185+M203+M211 -> 504638.6 | N8: =O8+P8+Q8 -> 15589693 | O8: =O9+O37+O69+O109+O118+O134+O147+O164+O185+O203+O211 -> 4748467.8 | P8: =P9+P37+P69+P109+P118+P134+P147+P164+P185+P203+P211 -> 10673024 | Q8: =Q9+Q37+Q69+Q109+Q118+Q134+Q147+Q164+Q185+Q203+Q211 -> 168201.5 | R8: =S8+T8+U8 -> 14690978 | S8: =S9+S37+S69+S109+S118+S134+S147+S164+S185+S203+S211 -> 4699081.2 | T8: =T9+T37+T69+T109+T118+T134+T147+T164+T185+T203+T211 -> 9856757.2 | U8: =U9+U37+U69+U109+U118+U134+U147+U164+U185+U203+U211 -> 135139.7 | V8: =J8/F8 -> 0.808
A9: 1 | B9: Национальный проект "Демография" | C9: Х | D9: Х | E9: Х | F9: =G9+H9+I9 -> 2505907.6 | G9: =G10+G16+G25+G31 -> 476885.5 | H9: =H10+H16+H25+H31 -> 1935137.8 | I9: =I10+I16+I25+I31 -> 93884.3 | J9: =K9+L9+M9 -> 2472110 | K9: =K10+K16+K25+K31 -> 467080.6 | L9: =L10+L16+L25+L31 -> 1929970.5 | M9: =M10+M16+M25+M31 -> 75058.9 | N9: =O9+P9+Q9 -> 2238923.6 | O9: =O10+O16+O25+O31 -> 212421.8 | P9: =P10+P16+P25+P31 -> 2013499.5 | Q9: =Q10+Q16+Q25+Q31 -> 13002.3 | R9: =S9+T9+U9 -> 2324546.9 | S9: =S10+S16+S25+S31 -> 218134 | T9: =T10+T16+T25+T31 -> 2094560 | U9: =U10+U16+U25+U31 -> 11852.9 | V9: =J9/F9 -> 0.987
A10: 1.1 | B10: Региональный проект "Старшее поколение", всего | C10: Х | D10: Х | E10: Х | F10: =G10+H10+I10 -> 189.4 | G10: =SUM(G12:G15) -> 0 | H10: =SUM(H12:H15) -> 189.4 | I10: =SUM(I12:I15) -> 0 | J10: =K10+L10+M10 -> 188.8 | K10: =SUM(K12:K15) -> 0 | L10: =SUM(L12:L15) -> 188.8 | M10: =SUM(M12:M15) -> 0 | N10: =O10+P10+Q10 -> 189.4 | O10: =SUM(O12:O15) -> 0 | P10: =SUM(P12:P15) -> 189.4 | Q10: =SUM(Q12:Q15) -> 0 | R10: =S10+T10+U10 -> 210.4 | S10: =SUM(S12:S15) -> 0 | T10: =SUM(T12:T15) -> 210.4 | U10: =SUM(U12:U15) -> 0 | V10: =J10/F10 -> 0.997
B11: из них
B12: Строительство (приобретение) объектов коммунальной инфраструктуры государственной собственности Томской области | C12: 821 | D12: Департамент архитектуры и строительства Томской области | E12: 11WP30И130 | F12: =G12+H12+I12 -> 0 | G12: =66370-66370 -> 0 | J12: =K12+L12+M12 -> 0 | N12: =O12+P12+Q12 -> 0 | R12: =S12+T12+U12 -> 0 | V12: =J12/F12 -> #DIV/0!
B13: Разработка проектной документации на строительство объектов коммунальной инфраструктуры государственной собственности Томской области | C13: 821 | D13: Департамент архитектуры и строительства Томской области | E13: 11WP30П130 | F13: =G13+H13+I13 -> 0 | G13: =5255-5255 -> 0 | J13: =K13+L13+M13 -> 0 | N13: =O13+P13+Q13 -> 0 | R13: =S13+T13+U13 -> 0 | V13: =J13/F13 -> #DIV/0!
B14: Финансовое обеспечение программ, направленных на обеспечение безопасных и комфортных условий предоставления социальных услуг в сфере социального обслуживания | C14: 821 | D14: Департамент архитектуры и строительства Томской области | E14: 11WP351210 | F14: =G14+H14+I14 -> 0 | G14: =375.2-375.2 -> 0 | J14: =K14+L14+M14 -> 0 | N14: =O14+P14+Q14 -> 0 | R14: =S14+T14+U14 -> 0 | V14: =J14/F14 -> #DIV/0!
B15: Проведение вакцинации против пневмококковой инфекции граждан старше трудоспособного возраста из групп риска, проживающих в организациях социального обслуживания | C15: 811 | D15: Департамент здравоохранения Томской области | E15: 11WP354680 | F15: =G15+H15+I15 -> 189.4 | H15: 189.4 | J15: =K15+L15+M15 -> 188.8 | L15: 188.8 | N15: =O15+P15+Q15 -> 189.4 | P15: 189.4 | R15: =S15+T15+U15 -> 210.4 | T15: 210.4 | V15: =J15/F15 -> 0.997
A16: 1.2 | B16: Региональный проект "Спорт - норма жизни", всего | C16: Х | D16: Х | E16: Х | F16: =G16+H16+I16 -> 234459.6 | G16: =SUM(G18:G24) -> 116046.1 | H16: =SUM(H18:H24) -> 101919.1 | I16: =SUM(I18:I24) -> 16494.4 | J16: =K16+L16+M16 -> 231861.8 | K16: =SUM(K18:K24) -> 115911.3 | L16: =SUM(L18:L24) -> 99586.9 | M16: =SUM(M18:M24) -> 16363.6 | N16: =O16+P16+Q16 -> 147065 | O16: =SUM(O18:O24) -> 104919.6 | P16: =SUM(P18:P24) -> 29143.1 | Q16: =SUM(Q18:Q24) -> 13002.3 | R16: =S16+T16+U16 -> 140556.7 | S16: =SUM(S18:S24) -> 104733.9 | T16: =SUM(T18:T24) -> 23969.9 | U16: =SUM(U18:U24) -> 11852.9 | V16: =J16/F16 -> 0.989
B17: из них
B18: Приобретение оборудования для малобюджетных спортивных площадок по месту жительства и учебы в муниципальных образованиях Томской области, за исключением муниципального образования "Город Томск", муниципального образования "Городской округ закрытое административно-территориальное образование Северск Томской области" | C18: 813 | D18: Департамент по молодежной политике, физической культуре и спорту Томской области | E18: 08WP540006 | F18: =G18+H18+I18 -> 10710.5 | G18: 9000 | I18: 1710.5 | J18: =K18+L18+M18 -> 10710.5 | K18: =1500+3600+1200+2700 -> 9000 | M18: 1710.5 | N18: =O18+P18+Q18 -> 9719 | O18: 9000 | Q18: 719 | R18: =S18+T18+U18 -> 9629 | S18: 9000 | U18: 629 | V18: =J18/F18 -> 1
B19: Обеспечение уровня финансирования организаций, осуществляющих спортивную подготовку, в соответствии с требованиями федеральных стандартов спортивной подготовки | C19: 813 | D19: Департамент по молодежной политике, физической культуре и спорту Томской области | E19: 08WP540007 | F19: =G19+H19+I19 -> 13078.7 | G19: =30000-17583.3 -> 12416.7 | I19: 662 | J19: =K19+L19+M19 -> 13078.7 | K19: =2113.4+6146.6+4156.7 -> 12416.7 | M19: 662 | N19: =O19+P19+Q19 -> 10621.6 | O19: 10000 | Q19: 621.6 | R19: =S19+T19+U19 -> 10620.7 | S19: 10000 | U19: 620.7 | V19: =J19/F19 -> 1
B20: Обеспечение условий для развития физической культуры и массового спорта | C20: 813 | D20: Департамент по молодежной политике, физической культуре и спорту Томской области | E20: 08WP540008 | F20: =G20+H20+I20 -> 99502.8 | G20: 86353.2 | I20: 13149.6 | J20: =K20+L20+M20 -> 99390.3 | K20: 86353.2 | M20: 13037.1 | N20: =O20+P20+Q20 -> 93594.8 | O20: 82177.2 | Q20: 11417.6 | R20: =S20+T20+U20 -> 92519.1 | S20: 82177.2 | U20: 10341.9 | V20: =J20/F20 -> 0.999
B21: Государственная поддержка спортивных организаций, осуществляющих подготовку спортивного резерва для спортивных сборных команд, в том числе спортивных сборных команд Российской Федерации | C21: 813 | D21: Департамент по молодежной политике, физической культуре и спорту Томской области | E21: 08WP550810 | F21: =G21+H21+I21 -> 8371.3 | G21: 3000 | H21: 5137.7 | I21: 233.6 | J21: =K21+L21+M21 -> 8186.3 | K21: 2933.8 | L21: 5024.4 | M21: 228.1 | N21: =O21+P21+Q21 -> 8381.8 | O21: 3000 | P21: 5137.7 | Q21: 244.1 | R21: =S21+T21+U21 -> 9231.2 | S21: 3000 | T21: 5969.9 | U21: 261.3 | V21: =J21/F21 -> 0.978
B22: Создание и модернизация объектов спортивной инфраструктуры региональной собственности (муниципальной собственности) для занятий физической культурой и спортом | C22: 821 | D22: Департамент архитектуры и строительства Томской области | E22: 08WP551390 | F22: =G22+H22+I22 -> 75536 | G22: 2253.5 | H22: 72862.4 | I22: 420.1 | J22: =K22+L22+M22 -> 73235.7 | K22: 2184.9 | L22: 70643.5 | M22: 407.3 | N22: =O22+P22+Q22 -> 0 | O22: 0 | Q22: 0 | R22: =S22+T22+U22 -> 0 | S22: 0 | U22: 0 | V22: =J22/F22 -> 0.97
B23: Оснащение объектов спортивной инфраструктуры спортивно-технологическим оборудованием | C23: 813 | D23: Департамент по молодежной политике, физической культуре и спорту Томской области | E23: 08WP552280 | F23: =G23+H23+I23 -> 8703.6 | G23: 2466 | H23: 5919 | I23: 318.6 | J23: =K23+L23+M23 -> 8703.6 | K23: 2466 | L23: 5919 | M23: 318.6 | N23: =O23+P23+Q23 -> 6191.1 | O23: 185.7 | P23: 6005.4 | R23: =S23+T23+U23 -> 0 | S23: 0 | V23: =J23/F23 -> 1
B24: Приобретение спортивного оборудования и инвентаря для приведения организаций спортивной подготовки в нормативное состояние | C24: 813 | D24: Департамент по молодежной политике, физической культуре и спорту Томской области | E24: 08WP552290 | F24: =G24+H24+I24 -> 18556.7 | G24: 556.7 | H24: 18000 | J24: =K24+L24+M24 -> 18556.7 | K24: 556.7 | L24: 18000 | N24: =O24+P24+Q24 -> 18556.7 | O24: 556.7 | P24: 18000 | R24: =S24+T24+U24 -> 18556.7 | S24: 556.7 | T24: 18000 | V24: =J24/F24 -> 1
A25: 1.3 | B25: Региональный проект "Содействие занятости", всего | C25: Х | D25: Х | E25: Х | F25: =G25+H25+I25 -> 357099.5 | G25: =SUM(G27:G30) -> 158511.8 | H25: =SUM(H27:H30) -> 121197.8 | I25: =SUM(I27:I30) -> 77389.9 | J25: =K25+L25+M25 -> 335546.8 | K25: =SUM(K27:K30) -> 158426 | L25: =SUM(L27:L30) -> 118425.5 | M25: =SUM(M27:M30) -> 58695.3 | N25: =O25+P25+Q25 -> 9202.1 | O25: =SUM(O27:O30) -> 276.2 | P25: =SUM(P27:P30) -> 8925.9 | Q25: =SUM(Q27:Q30) -> 0 | R25: =S25+T25+U25 -> 5500.1 | S25: =SUM(S27:S30) -> 165.1 | T25: =SUM(T27:T30) -> 5335 | U25: =SUM(U27:U30) -> 0 | V25: =J25/F25 -> 0.94
B26: из них
B27: Повышение эффективности службы занятости | C27: 839 | D27: Департамент труда и занятости населения Томской области | E27: 05WP252910 | F27: =G27+H27+I27 -> 10000 | G27: 300 | H27: 9700 | J27: =K27+L27+M27 -> 10000 | K27: 300 | L27: 9700 | N27: =O27+P27+Q27 -> 5500.1 | O27: 165.1 | P27: 5335 | R27: =S27+T27+U27 -> 5500.1 | S27: 165.1 | T27: 5335 | V27: =J27/F27 -> 1
B28: Создание дополнительных мест для детей в возрасте от 1,5 до 3 лет в образовательных организациях, осуществляющих образовательную деятельность по образовательным программам дошкольного образования | C28: 821 | D28: Департамент архитектуры и строительства Томской области | E28: 09WP252320 | F28: =G28+H28+I28 -> 115061.3 | G28: 3448.4 | H28: 111497.8 | I28: 115.1 | J28: =K28+L28+M28 -> 112200.3 | K28: 3362.6 | L28: 108725.5 | M28: 112.2 | N28: =O28+P28+Q28 -> 0 | R28: =S28+T28+U28 -> 0 | V28: =J28/F28 -> 0.975
B29: Создание дополнительных мест для детей в возрасте от 1,5 до 3 лет в образовательных организациях, осуществляющих образовательную деятельность по образовательным программам дошкольного образования | C29: 821 | D29: Департамент архитектуры и строительства Томской области | E29: 09WP252321 | F29: =G29+H29+I29 -> 232038.2 | G29: 154763.4 | I29: 77274.8 | J29: =K29+L29+M29 -> 213346.5 | K29: 154763.4 | M29: 58583.1 | N29: =O29+P29+Q29 -> 0 | R29: =S29+T29+U29 -> 0 | V29: =J29/F29 -> 0.919
B30: Создание дополнительных мест для детей в возрасте от 1,5 до 3 лет любой направленности в организациях, осуществляющих образовательную деятельность (за исключением государственных, муниципальных), и у индивидуальных предпринимателей, осуществляющих образовательную деятельность по образовательным программам дошкольного образования, в том числе адаптированным, и присмотр и уход за детьми | C30: 815 | D30: Департамент общего образования Томской области | E30: 09WP252530 | F30: =G30+H30+I30 -> 0 | J30: =K30+L30+M30 -> 0 | N30: =O30+P30+Q30 -> 3702 | O30: 111.06 | P30: 3590.9 | R30: =S30+T30+U30 -> 0 | S30: 0 | T30: 0 | V30: =J30/F30 -> #DIV/0!
A31: 1.4 | B31: Региональный проект "Финансовая поддержка семей при рождении детей", всего | C31: Х | D31: Х | E31: Х | F31: =G31+H31+I31 -> 1914159.1 | G31: =SUM(G33:G36) -> 202327.6 | H31: =SUM(H33:H36) -> 1711831.5 | I31: =SUM(I33:I36) -> 0 | J31: =K31+L31+M31 -> 1904512.6 | K31: =SUM(K33:K36) -> 192743.3 | L31: =SUM(L33:L36) -> 1711769.3 | M31: =SUM(M33:M36) -> 0 | N31: =O31+P31+Q31 -> 2082467.1 | O31: =SUM(O33:O36) -> 107226 | P31: =SUM(P33:P36) -> 1975241.1 | Q31: =SUM(Q33:Q36) -> 0 | R31: =S31+T31+U31 -> 2178279.7 | S31: =SUM(S33:S36) -> 113235 | T31: =SUM(T33:T36) -> 2065044.7 | U31: =SUM(U33:U36) -> 0 | V31: =J31/F31 -> 0.995
B32: из них
B33: Осуществление ежемесячной денежной выплаты, назначаемой в случае рождения третьего ребенка или последующих детей до достижения ребенком возраста трех лет | C33: 809 | D33: Департамент социальной защиты населения Томской области | E33: 11WP150840 | F33: =G33+H33+I33 -> 553293.7 | G33: 71928.2 | H33: 481365.5 | J33: =K33+L33+M33 -> 553257.7 | K33: 71923.5 | L33: 481334.2 | N33: =O33+P33+Q33 -> 824815.6 | O33: 107226 | P33: 717589.6 | R33: =S33+T33+U33 -> 871038.2 | S33: 113235 | T33: 757803.2 | V33: =J33/F33 -> 1
B34: Осуществление ежемесячной денежной выплаты, назначаемой в случае рождения третьего ребенка или последующих детей до достижения ребенком возраста трех лет, за счет средств резервного фонда Правительства Российской Федерации | C34: 809 | D34: Департамент социальной защиты населения Томской области | E34: 11WP15084F | F34: =G34+H34+I34 -> 13367.7 | G34: 1737.8 | H34: 11629.9 | J34: =K34+L34+M34 -> 13360.6 | K34: 1736.9 | L34: 11623.7 | N34: =O34+P34+Q34 -> 0 | R34: =S34+T34+U34 -> 0 | V34: =J34/F34 -> 0.999
B35: Осуществление ежемесячной выплаты в связи с рождением (усыновлением) первого ребенка | C35: 809 | D35: Департамент социальной защиты населения Томской области | E35: 11WP155730 | F35: =G35+H35+I35 -> 1218836.1 | H35: 1218836.1 | J35: =K35+L35+M35 -> 1218811.4 | L35: 1218811.4 | N35: =O35+P35+Q35 -> 1257651.5 | P35: 1257651.5 | R35: =S35+T35+U35 -> 1307241.5 | T35: 1307241.5 | V35: =J35/F35 -> 1
B36: Ежемесячная денежная выплата нуждающейся в поддержке семье, назначаемая в случае рождения после 31 декабря 2012 года третьего ребенка или последующих детей до достижения ребенком возраста трех лет | C36: 809 | D36: Департамент социальной защиты населения Томской области | E36: 11WP1Д0840 | F36: =G36+H36+I36 -> 128661.6 | G36: 128661.6 | J36: =K36+L36+M36 -> 119082.9 | K36: 119082.9 | N36: =O36+P36+Q36 -> 0 | R36: =S36+T36+U36 -> 0 | V36: =J36/F36 -> 0.926
A37: 2 | B37: Национальный проект "Здравоохранение" | C37: Х | D37: Х | E37: Х | F37: =G37+H37+I37 -> 3769643.2 | G37: =G38+G42+G46+G54+G57 -> 797408.8 | H37: =H38+H42+H46+H54+H57 -> 2972234.4 | I37: =I38+I42+I46+I54+I57 -> 0 | J37: =K37+L37+M37 -> 2764742.1 | K37: =K38+K42+K46+K54+K57 -> 664413.1 | L37: =L38+L42+L46+L54+L57 -> 2100329 | M37: =M38+M42+M46+M54+M57 -> 0 | N37: =O37+P37+Q37 -> 1266859 | O37: =O38+O42+O46+O54+O57 -> 191286.3 | P37: =P38+P42+P46+P54+P57 -> 1075572.7 | Q37: =Q38+Q42+Q46+Q54+Q57 -> 0 | R37: =S37+T37+U37 -> 1317986.5 | S37: =S38+S42+S46+S54+S57 -> 163759.4 | T37: =T38+T42+T46+T54+T57 -> 1154227.1 | U37: =U38+U42+U46+U54+U57 -> 0 | V37: =J37/F37 -> 0.733
A38: 2.1 | B38: Региональный проект "Развитие системы оказания первичной медико-санитарной помощи", всего | C38: Х | D38: Х | E38: Х | F38: =G38+H38+I38 -> 366990.3 | G38: =SUM(G40:G41) -> 266925.1 | H38: =SUM(H40:H41) -> 100065.2 | I38: =SUM(I40:I41) -> 0 | J38: =K38+L38+M38 -> 366990.3 | K38: =SUM(K40:K41) -> 266925.1 | L38: =SUM(L40:L41) -> 100065.2 | M38: =SUM(M40:M41) -> 0 | N38: =O38+P38+Q38 -> 226690.3 | O38: =SUM(O40:O41) -> 139352.6 | P38: =SUM(P40:P41) -> 87337.7 | Q38: =SUM(Q40:Q41) -> 0 | R38: =S38+T38+U38 -> 226690.3 | S38: =SUM(S40:S41) -> 121119.4 | T38: =SUM(T40:T41) -> 105570.9 | U38: =SUM(U40:U41) -> 0 | V38: =J38/F38 -> 1
B39: из них
B40: Обеспечение закупки авиационных работ в целях оказания медицинской помощи | C40: 811 | D40: Департамент здравоохранения Томской области | E40: 07WN155540 | F40: =G40+H40+I40 -> 198000 | G40: 97934.8 | H40: 100065.2 | J40: =K40+L40+M40 -> 198000 | K40: 97934.8 | L40: 100065.2 | N40: =O40+P40+Q40 -> 198000 | O40: 110662.3 | P40: 87337.7 | R40: =S40+T40+U40 -> 198000 | S40: 92429.1 | T40: 105570.9 | V40: =J40/F40 -> 1
B41: Оказание медицинской помощи с применением санитарной авиации | C41: 811 | D41: Департамент здравоохранения Томской области | E41: 07WN1Д5540 | F41: =G41+H41+I41 -> 168990.3 | G41: 168990.3 | J41: =K41+L41+M41 -> 168990.3 | K41: 168990.3 | N41: =O41+P41+Q41 -> 28690.3 | O41: 28690.3 | R41: =S41+T41+U41 -> 28690.3 | S41: 28690.3 | V41: =J41/F41 -> 1
A42: 2.2 | B42: Региональный проект "Борьба с сердечно-сосудистыми заболеваниями", всего | C42: Х | D42: Х | E42: Х | F42: =G42+H42+I42 -> 177383.1 | G42: =SUM(G44:G45) -> 1629.2 | H42: =SUM(H44:H45) -> 175753.9 | I42: =SUM(I44:I45) -> 0 | J42: =K42+L42+M42 -> 176806.4 | K42: =SUM(K44:K45) -> 1620.4 | L42: =SUM(L44:L45) -> 175186 | M42: =SUM(M44:M45) -> 0 | N42: =O42+P42+Q42 -> 120419.7 | O42: =SUM(O44:O45) -> 1607.3 | P42: =SUM(P44:P45) -> 118812.4 | Q42: =SUM(Q44:Q45) -> 0 | R42: =S42+T42+U42 -> 172977.9 | S42: =SUM(S44:S45) -> 5189.4 | T42: =SUM(T44:T45) -> 167788.5 | U42: =SUM(U44:U45) -> 0 | V42: =J42/F42 -> 0.997
B43: из них
B44: Оснащение оборудованием региональных сосудистых центров и первичных сосудистых отделений | C44: 811 | D44: Департамент здравоохранения Томской области | E44: 07WN251920 | F44: =G44+H44+I44 -> 123078.6 | H44: 123078.6 | J44: =K44+L44+M44 -> 122794.6 | L44: 122794.6 | N44: =O44+P44+Q44 -> 66844.8 | P44: 66844.8 | R44: =S44+T44+U44 -> 119403 | S44: 3582.1 | T44: 115820.9 | V44: =J44/F44 -> 0.998
B45: Обеспечение профилактики развития сердечно-сосудистых заболеваний и сердечно-сосудистых осложнений у пациентов высокого риска, находящихся на диспансерном наблюдении | C45: 811 | D45: Департамент здравоохранения Томской области | E45: 07WN255860 | F45: =G45+H45+I45 -> 54304.5 | G45: =1607.3+21.9 -> 1629.2 | H45: =51967.6+707.7 -> 52675.3 | J45: =K45+L45+M45 -> 54011.8 | K45: 1620.4 | L45: 52391.4 | N45: =O45+P45+Q45 -> 53574.9 | O45: 1607.3 | P45: 51967.6 | R45: =S45+T45+U45 -> 53574.9 | S45: 1607.3 | T45: 51967.6 | V45: =J45/F45 -> 0.995
A46: 2.3 | B46: Региональный проект "Борьба с онкологическими заболеваниями", всего | C46: Х | D46: Х | E46: Х | F46: =G46+H46+I46 -> 1900413.9 | G46: =SUM(G48:G53) -> 458449.7 | H46: =SUM(H48:H53) -> 1441964.2 | I46: =SUM(I48:I53) -> 0 | J46: =K46+L46+M46 -> 1504050.2 | K46: =SUM(K48:K53) -> 361566.6 | L46: =SUM(L48:L53) -> 1142483.6 | M46: =SUM(M48:M53) -> 0 | N46: =O46+P46+Q46 -> 54940.6 | O46: =SUM(O48:O53) -> 0 | P46: =SUM(P48:P53) -> 54940.6 | Q46: =SUM(Q48:Q53) -> 0 | R46: =S46+T46+U46 -> 64076.8 | S46: =SUM(S48:S53) -> 1922.3 | T46: =SUM(T48:T53) -> 62154.5 | U46: =SUM(U48:U53) -> 0 | V46: =J46/F46 -> 0.791
B47: из них
B48: Переоснащение медицинских организаций, оказывающих медицинскую помощь больным с онкологическими заболеваниями | C48: 811 | D48: Департамент здравоохранения Томской области | E48: 07WN351900 | F48: =G48+H48+I48 -> 211277.1 | G48: 0 | H48: 211277.1 | J48: =K48+L48+M48 -> 210400.3 | L48: 210400.3 | N48: =O48+P48+Q48 -> 54940.6 | O48: 0 | P48: 54940.6 | R48: =S48+T48+U48 -> 64076.8 | S48: 1922.3 | T48: 62154.5 | V48: =J48/F48 -> 0.996
B49: Новое строительство и реконструкция | C49: 821 | D49: Департамент архитектуры и строительства Томской области | E49: 07WN352270 | F49: =G49+H49+I49 -> 1551358.9 | G49: =320671.8 -> 320671.8 | H49: 1230687.1 | J49: =K49+L49+M49 -> 1174950 | K49: 242866.7 | L49: 932083.3 | N49: =O49+P49+Q49 -> 0 | R49: =S49+T49+U49 -> 0 | V49: =J49/F49 -> 0.757
B50: Новое строительство и реконструкция | C50: 811 | D50: Департамент здравоохранения Томской области | E50: 07WN352270 | F50: =G50+H50+I50 -> 0 | J50: =K50+L50+M50 -> 0 | N50: =O50+P50+Q50 -> 0 | R50: =S50+T50+U50 -> 0 | V50: =J50/F50 -> #DIV/0!
B51: Бюджетные ассигнования на объекты капитального строительства государственной собственности в сфере здравоохранения | C51: 811 | D51: Департамент здравоохранения Томской области | E51: 07WN352271 | F51: =G51+H51+I51 -> 110807.8 | G51: 110807.76 | J51: =K51+L51+M51 -> 97013.1 | K51: 97013.1 | N51: =O51+P51+Q51 -> 0 | R51: =S51+T51+U51 -> 0 | V51: =J51/F51 -> 0.876
B52: Бюджетные ассигнования на объекты капитального строительства государственной собственности в сфере здравоохранения | C52: 821 | D52: Департамент архитектуры и строительства Томской области | E52: 07WN352271 | F52: =G52+H52+I52 -> 10970.1 | G52: 10970.1 | J52: =K52+L52+M52 -> 10087.3 | K52: 10087.3 | N52: =O52+P52+Q52 -> 0 | R52: =S52+T52+U52 -> 0 | V52: =J52/F52 -> 0.92
B53: Оснащение оборудованием, мебелью, медицинскими и иными изделиями объектов нового строительства и реконструкции медицинских организаций | C53: 811 | D53: Департамент здравоохранения Томской области | E53: 07WN352272 | F53: =G53+H53+I53 -> 16000 | G53: 16000 | J53: =K53+L53+M53 -> 11599.5 | K53: 11599.51 | N53: =O53+P53+Q53 -> 0 | R53: =S53+T53+U53 -> 0 | V53: =J53/F53 -> 0.725
A54: 2.4 | B54: Региональный проект "Создание единого цифрового контура в здравоохранении на основе единой государственной информационной системы здравоохранения (ЕГИСЗ)" | C54: Х | D54: Х | E54: Х | F54: =G54+H54+I54 -> 77368.9 | G54: =SUM(G56) -> 17669.4 | H54: =SUM(H56) -> 59699.5 | I54: =SUM(I56) -> 0 | J54: =K54+L54+M54 -> 21468.6 | K54: =K56 -> 4903 | L54: =L56 -> 16565.6 | M54: =SUM(M56:M68) -> 0 | N54: =O54+P54+Q54 -> 58091.1 | O54: =SUM(O56) -> 16223.8 | P54: =SUM(P56) -> 41867.3 | Q54: =SUM(Q56:Q68) -> 0 | R54: =S54+T54+U54 -> 47524.2 | S54: =SUM(S56) -> 1425.7 | T54: =SUM(T56) -> 46098.5 | U54: =SUM(U56:U68) -> 0 | V54: =J54/F54 -> 0.277
B55: из них
B56: Реализация региональных проектов "Создание единого цифрового контура в здравоохранении на основе единой государственной информационной системы здравоохранения (ЕГИСЗ)" | C56: 811 | D56: Департамент здравоохранения Томской области | E56: 07WN751140 | F56: =G56+H56+I56 -> 77368.9 | G56: 17669.4 | H56: 59699.5 | J56: =K56+L56+M56 -> 21468.6 | K56: 4903 | L56: 16565.6 | N56: =O56+P56+Q56 -> 58091.1 | O56: 16223.8 | P56: 41867.3 | R56: =S56+T56+U56 -> 47524.2 | S56: 1425.7 | T56: 46098.5 | V56: =J56/F56 -> 0.277
A57: 2.5 | B57: Региональный проект "Модернизация первичного звена здравоохранения" | C57: Х | D57: Х | E57: Х | F57: =G57+H57+I57 -> 1247487 | G57: =SUM(G59:G68) -> 52735.4 | H57: =SUM(H59:H68) -> 1194751.6 | I57: =SUM(I59:I68) -> 0 | J57: =K57+L57+M57 -> 695426.6 | K57: =SUM(K59:K68) -> 29398 | L57: =SUM(L59:L68) -> 666028.6 | M57: =SUM(M59:M68) -> 0 | N57: =O57+P57+Q57 -> 806717.3 | O57: =SUM(O59:O68) -> 34102.6 | P57: =SUM(P59:P68) -> 772614.7 | Q57: =SUM(Q59:Q68) -> 0 | R57: =S57+T57+U57 -> 806717.3 | S57: =SUM(S59:S68) -> 34102.6 | T57: =SUM(T59:T68) -> 772614.7 | U57: =SUM(U59:U68) -> 0 | V57: =J57/F57 -> 0.557
B58: из них
B59: Реализация региональных проектов модернизации первичного звена здравоохранения (капитальный ремонт зданий медицинских организаций) | C59: 821 | D59: Департамент архитектуры и строительства Томской области | E59: 07WN953651 | F59: =G59+H59+I59 -> 243378.5 | G59: =8169.9+5779.4-3263.2-397.7 -> 10288.4 | H59: =185092.6-73927.1+130935.7-9011.1 -> 233090.1 | J59: =K59+L59+M59 -> 91696.8 | K59: 3876.3 | L59: 87820.5 | N59: =O59+P59+Q59 -> 146767 | O59: =4286.6+432.5+1485.2 -> 6204.3 | P59: =97115.4+9799.1+33648.2 -> 140562.7 | R59: =S59+T59+U59 -> 142053.9 | S59: =7490.3-1485.2 -> 6005.1 | T59: =169697-33648.2 -> 136048.8 | V59: =J59/F59 -> 0.377
B60: Реализация региональных проектов модернизации первичного звена здравоохранения (капитальный ремонт зданий медицинских организаций) | C60: 844 | D60: Комитет по охране объектов культурного наследия Томской области | E60: 07WN953651 | F60: =G60+H60+I60 -> 0 | G60: 0 | H60: 0 | J60: =K60+L60+M60 -> 0 | N60: =O60+P60+Q60 -> 39933.4 | O60: =6061.8-4373.7 -> 1688.1 | P60: =137335-99089.7 -> 38245.3 | R60: =S60+T60+U60 -> 103463.4 | S60: 4373.7 | T60: 99089.7 | V60: =J60/F60 -> #DIV/0!
B61: Реализация региональных проектов модернизации первичного звена здравоохранения (оснащение автомобильным транспортом медицинских организаций) | C61: 811 | D61: Департамент здравоохранения Томской области | E61: 07WN953652 | F61: =G61+H61+I61 -> 57569.1 | G61: 2433.6 | H61: 55135.5 | J61: =K61+L61+M61 -> 56416.7 | K61: 2384.9 | L61: 54031.8 | N61: =O61+P61+Q61 -> 26908.1 | O61: 1137.5 | P61: 25770.6 | R61: =S61+T61+U61 -> 28509.1 | S61: 1205.2 | T61: 27303.9 | V61: =J61/F61 -> 0.98
B62: Реализация региональных проектов модернизации первичного звена здравоохранения (приведение материально-технической базы медицинских организаций в соответствие с требованиями порядков оказания медицинской помощи, их дооснащение и переоснащение оборудованием для оказания медицинской помощи) | C62: 811 | D62: Департамент здравоохранения Томской области | E62: 07WN953653 | F62: =G62+H62+I62 -> 167057 | G62: 7062.1 | H62: 159994.9 | J62: =K62+L62+M62 -> 165940.5 | K62: 7014.9 | L62: 158925.6 | N62: =O62+P62+Q62 -> 153197.6 | O62: =6476.1+0.1 -> 6476.2 | P62: 146721.4 | R62: =S62+T62+U62 -> 0 | S62: 0 | T62: 0 | V62: =J62/F62 -> 0.993
B63: Реализация региональных проектов модернизации первичного звена здравоохранения (приобретение быстровозводимых модульных конструкций врачебных амбулаторий, центров (отделений) общей врачебной практики (семейной медицины), фельдшерско-акушерских пунктов, фельдшерских здравпунктов медицинских организаций, получивших лицензию на осуществление медицинской деятельности) | C63: 811 | D63: Департамент здравоохранения Томской области | E63: 07WN953654 | F63: =G63+H63+I63 -> 159025.3 | G63: 6722.5 | H63: 152302.8 | J63: =K63+L63+M63 -> 154619 | K63: 6536.3 | L63: 148082.7 | N63: =O63+P63+Q63 -> 0 | O63: 0 | P63: 0 | R63: =S63+T63+U63 -> 0 | S63: 0 | T63: 0 | V63: =J63/F63 -> 0.972
B64: Реализация региональных проектов модернизации первичного звена здравоохранения (приобретение объектов недвижимого имущества для размещения медицинских организаций) | C64: 811 | D64: Департамент здравоохранения Томской области | E64: 07WN953655 | F64: =G64+H64+I64 -> 50000 | G64: 2113.7 | H64: 47886.34 | J64: =K64+L64+M64 -> 31700 | K64: 1340.1 | L64: 30359.9 | N64: =O64+P64+Q64 -> 0 | O64: 0 | P64: 0 | R64: =S64+T64+U64 -> 0 | S64: 0 | T64: 0 | V64: =J64/F64 -> 0.634
B65: Реализация региональных проектов модернизации первичного звена здравоохранения за счет средств резервного фонда Правительства Российской Федерации | C65: 811 | D65: Департамент здравоохранения Томской области | E65: 07WN95365F | F65: =G65+H65+I65 -> 59801 | G65: 2528 | H65: 57273 | J65: =K65+L65+M65 -> 57383.2 | K65: 2425.8 | L65: 54957.4 | N65: =O65+P65+Q65 -> 0 | R65: =S65+T65+U65 -> 0 | V65: =J65/F65 -> 0.96
B66: Реализация региональных проектов модернизации первичного звена здравоохранения (авторский надзор при строительстве объектов капитального строительства медицинских организаций) | C66: 821 | D66: Департамент архитектуры и строительства Томской области | E66: 07WN953656 | F66: =G66+H66+I66 -> 0 | J66: =K66+L66+M66 -> 0 | N66: =O66+P66+Q66 -> 0 | R66: =S66+T66+U66 -> 0 | V66: =J66/F66 -> #DIV/0!
B67: Реализация региональных проектов модернизации первичного звена здравоохранения (строительство объектов капитального строительства медицинских организаций) | C67: 811 | D67: Департамент здравоохранения Томской области | E67: 07WN95365И | F67: =G67+H67+I67 -> 44080.3 | G67: 1863.4 | H67: =42216.9 -> 42216.9 | J67: =K67+L67+M67 -> 41589.7 | K67: 1758.1 | L67: 39831.6 | N67: =O67+P67+Q67 -> 0 | R67: =S67+T67+U67 -> 0 | V67: =J67/F67 -> 0.943
B68: Реализация региональных проектов модернизации первичного звена здравоохранения (строительство объектов капитального строительства медицинских организаций) | C68: 821 | D68: Департамент архитектуры и строительства Томской области | E68: 07WN95365И | F68: =G68+H68+I68 -> 466575.8 | G68: =13717.7+8461.98+432.5-2888.5 -> 19723.7 | H68: =310783.4-42216.92+9798.8+233928.2-65441.4 -> 446852.1 | J68: =K68+L68+M68 -> 96080.7 | K68: 4061.6 | L68: 92019.1 | N68: =O68+P68+Q68 -> 439911.2 | O68: =16140.5-432.5+2888.5 -> 18596.5 | P68: =355873.2+65441.5 -> 421314.7 | R68: =S68+T68+U68 -> 532690.9 | S68: =25407.1-2888.5 -> 22518.6 | T68: =575613.8-65441.5 -> 510172.3 | V68: =J68/F68 -> 0.206
A69: 3 | B69: Национальный проект "Образование" | C69: Х | D69: Х | E69: Х | F69: =G69+H69+I69 -> 1324602.7 | G69: =G70+G86+G93+G101+G104 -> 266593.4 | H69: =H70+H86+H93+H101+H104 -> 1033613.7 | I69: =I70+I86+I93+I101+I104 -> 24395.6 | J69: =K69+L69+M69 -> 954286.3 | K69: =K70+K86+K93+K101+K104 -> 221405.5 | L69: =L70+L86+L93+L101+L104 -> 730987.4 | M69: =M70+M86+M93+M101+M104 -> 1893.4 | N69: =O69+P69+Q69 -> 1119388.3 | O69: =O70+O86+O93+O101+O104 -> 544283.8 | P69: =P70+P86+P93+P101+P104 -> 565253.2 | Q69: =Q70+Q86+Q93+Q101+Q104 -> 9851.3 | R69: =S69+T69+U69 -> 1053173.8 | S69: =S70+S86+S93+S101+S104 -> 41075.1 | T69: =T70+T86+T93+T101+T104 -> 1012098.7 | U69: =U70+U86+U93+U101+U104 -> 0 | V69: =J69/F69 -> 0.72
A70: 3.1 | B70: Региональный проект "Современная школа", всего | C70: Х | D70: Х | E70: Х | F70: =G70+H70+I70 -> 1066080.3 | G70: =SUM(G72:G85) -> 217712.9 | H70: =SUM(H72:H85) -> 823980.6 | I70: =SUM(I72:I85) -> 24386.8 | J70: =K70+L70+M70 -> 696126.8 | K70: =SUM(K72:K85) -> 172544.2 | L70: =SUM(L72:L85) -> 521697.7 | M70: =SUM(M72:M85) -> 1884.9 | N70: =O70+P70+Q70 -> 585080.7 | O70: =SUM(O72:O85) -> 342360.8 | P70: =SUM(P72:P85) -> 232868.6 | Q70: =SUM(Q72:Q85) -> 9851.3 | R70: =SUM(R72:R85) -> 966508.2 | S70: =SUM(S72:S85) -> 8709.4 | T70: =SUM(T72:T85) -> 957798.8 | U70: =SUM(U72:U85) -> 0 | V70: =J70/F70 -> 0.653
B71: из них
B72: Оснащение зданий средствами обучения и воспитания для размещения общеобразовательных организаций | C72: 815 | D72: Департамент общего образования Томской области | E72: 09WE141880 | F72: =G72+H72+I72 -> 0 | J72: =K72+L72+M72 -> 0 | N72: =O72+P72+Q72 -> 50000 | O72: =59090.9-9090.9 -> 50000 | R72: =S72+T72+U72 -> 0 | S72: 0 | V72: =J72/F72 -> #DIV/0!
B73: Оснащение зданий для размещения общеобразовательных организаций оборудованием, предусмотренным проектной документацией | C73: 815 | D73: Департамент общего образования Томской области | E73: 09WE141890 | F73: =G73+H73+I73 -> 119150.8 | G73: 119031.6 | I73: 119.2 | J73: =K73+L73+M73 -> 119150.3 | K73: 119031.6 | M73: 118.7 | N73: =O73+P73+Q73 -> 0 | O73: 0 | R73: =S73+T73+U73 -> 0 | S73: 0 | V73: =J73/F73 -> 1
B74: Разработка проектной документации на строительство муниципальных объектов недвижимого имущества в сфере общего образования | C74: 821 | D74: Департамент архитектуры и строительства Томской области | E74: 09WE14П010 | F74: =G74+H74+I74 -> 42898 | G74: 32173.5 | I74: 10724.5 | J74: =K74+L74+M74 -> 32173.5 | K74: 32173.5 | N74: =O74+P74+Q74 -> 0 | R74: =S74+T74+U74 -> 0 | V74: =J74/F74 -> 0.75
B75: Создание и обеспечение функционирования центров образования естественно-научной и технологической направленностей в общеобразовательных организациях, расположенных в сельской местности и малых городах | C75: 815 | D75: Департамент общего образования Томской области | E75: 09WE151690 | F75: =G75+H75+I75 -> 33556.5 | G75: 5129.3 | H75: 28427.2 | J75: =K75+L75+M75 -> 33556.5 | K75: 5129.3 | L75: 28427.2 | N75: =O75+P75+Q75 -> 41948.7 | O75: 5433.9 | P75: 36514.8 | R75: =S75+T75+U75 -> 35804.6 | S75: 5249.6 | T75: 30555 | V75: =J75/F75 -> 1
B76: Создание детских технопарков "Кванториум" | C76: 815 | D76: Департамент общего образования Томской области | E76: 09WE151730 | F76: =G76+H76+I76 -> 0 | G76: 0 | H76: 0 | J76: =K76+L76+M76 -> 0 | N76: =O76+P76+Q76 -> 0 | O76: 0 | P76: 0 | R76: =S76+T76+U76 -> 63326.6 | S76: 1899.8 | T76: 61426.8 | V76: =J76/F76 -> #DIV/0!
B77: Обновление материально-технической базы в организациях, осуществляющих образовательную деятельность исключительно по адаптированным основным общеобразовательным программам | C77: 815 | D77: Департамент общего образования Томской области | E77: 09WE151870 | F77: =G77+H77+I77 -> 15870.6 | G77: 476.1 | H77: 15394.5 | J77: =K77+L77+M77 -> 15870.6 | K77: 476.1 | L77: 15394.5 | N77: =O77+P77+Q77 -> 32216.8 | O77: 10548 | P77: 21668.8 | R77: =S77+T77+U77 -> 0 | S77: 0 | V77: =J77/F77 -> 1
B78: Создание новых мест в общеобразовательных организациях, расположенных в сельской местности и поселках городского типа, за счёт средств областного бюджета | C78: 821 | D78: Департамент архитектуры и строительства Томской области | E78: 09WE152301 | F78: =G78+H78+I78 -> 8555.2 | G78: 5.2 | I78: 8550 | J78: =K78+L78+M78 -> 1278.3 | K78: 5.2 | M78: 1273.1 | N78: =O78+P78+Q78 -> 9581 | O78: 0 | Q78: 9581 | R78: =S78+T78+U78 -> 0 | S78: 0 | V78: =J78/F78 -> 0.149
B79: Единовременные компенсационные выплаты учителям, прибывшим (переехавшим) на работу в сельские населенные пункты, либо рабочие поселки, либо поселки городского типа, либо города с населением до 50 тысяч человек | C79: 815 | D79: Департамент общего образования Томской области | E79: 09WE152560 | F79: =G79+H79+I79 -> 0 | J79: =K79+L79+M79 -> 0 | N79: =O79+P79+Q79 -> 14000 | O79: 1820 | P79: 12180 | R79: =S79+T79+U79 -> 12000 | S79: 1560 | T79: 10440 | V79: =J79/F79 -> #DIV/0!
B80: Создание новых мест в общеобразовательных организациях в связи с ростом числа обучающихся, вызванным демографическим фактором | C80: 821 | D80: Департамент архитектуры и строительства Томской области | E80: 09WE153050 | F80: =G80+H80+I80 -> 493148.8 | G80: 14779.7 | H80: 477876 | I80: 493.1 | J80: =K80+L80+M80 -> 493148.8 | K80: 14779.7 | L80: 477876 | M80: 493.1 | N80: =O80+P80+Q80 -> 131987.9 | O80: 0 | P80: 131987.9 | R80: =S80+T80+U80 -> 855377 | S80: 0 | T80: 855377 | V80: =J80/F80 -> 1
B81: Создание новых мест в общеобразовательных организациях в связи с ростом числа обучающихся, вызванным демографическим фактором, за счёт средств областного бюджета | C81: 821 | D81: Департамент архитектуры и строительства Томской области | E81: 09WE153051 | F81: =G81+H81+I81 -> 0 | G81: 0 | I81: 0 | J81: =K81+L81+M81 -> 0 | N81: =O81+P81+Q81 -> 270269.2 | O81: 269998.9 | Q81: 270.3 | R81: =S81+T81+U81 -> 0 | S81: 0 | V81: =J81/F81 -> #DIV/0!
B82: Создание новых мест в общеобразовательных организациях | C82: 821 | D82: Департамент архитектуры и строительства Томской области | E82: 09WE155200 | F82: =G82+H82+I82 -> 4500 | G82: =45168.7-45168.7 -> 0 | I82: 4500 | J82: =K82+L82+M82 -> 0 | N82: =O82+P82+Q82 -> 35077.1 | O82: 4560 | P82: 30517.1 | R82: =S82+T82+U82 -> 0 | S82: 0 | T82: 0 | V82: =J82/F82 -> 0
B83: Создание новых мест в общеобразовательных организациях | C83: 815 | D83: Департамент общего образования Томской области | E83: 09WE155200 | F83: =G83+H83+I83 -> 347451.6 | G83: 45168.7 | H83: 302282.9 | L83: 0 | N83: =O83+P83+Q83 -> 0 | R83: =S83+T83+U83 -> 0 | V83: =J83/F83 -> 0
B84: Оснащение отремонтированных зданий и (или) помещений общеобразовательных организаций современными средствами обучения и воспитания | C84: 815 | D84: Департамент общего образования Томской области | E84: 09WE157501 | F84: =G84+H84+I84 -> 0 | G84: =22384.2-22384.2 -> 0 | J84: =K84+L84+M84 -> 0 | N84: =O84+P84+Q84 -> 0 | O84: =91106.8-91106.8 -> 0 | R84: =S84+T84+U84 -> 0 | S84: =50012.8-50012.8 -> 0 | V84: =J84/F84 -> #DIV/0!
B85: Реализация мероприятий в целях оказания услуг психолого-педагогической, методической и консультативной помощи родителям (законным представителям) детей, а также гражданам, желающим принять на воспитание в свои семьи детей, оставшихся без попечения родителей | C85: 815 | D85: Департамент общего образования Томской области | E85: 09WE164800 | F85: =G85+H85+I85 -> 948.8 | G85: 948.8 | J85: =K85+L85+M85 -> 948.8 | K85: 948.8 | N85: =O85+P85+Q85 -> 0 | O85: 0 | R85: =S85+T85+U85 -> 0 | S85: 0 | V85: =J85/F85 -> 1
A86: 3.2 | B86: Региональный проект "Успех каждого ребенка", всего | C86: Х | D86: Х | E86: Х | F86: =G86+H86+I86 -> 16110.5 | G86: =SUM(G88:G92) -> 7584.4 | H86: =SUM(H88:H92) -> 8517.3 | I86: =SUM(I88:I92) -> 8.8 | J86: =K86+L86+M86 -> 15756.1 | K86: =SUM(K88:K92) -> 7573.8 | L86: =SUM(L88:L92) -> 8173.8 | M86: =SUM(M88:M92) -> 8.5 | N86: =O86+P86+Q86 -> 350372.1 | O86: =SUM(O88:O92) -> 150785.7 | P86: =SUM(P88:P92) -> 199586.4 | Q86: =SUM(Q88:Q92) -> 0 | R86: =S86+T86+U86 -> 16746.5 | S86: =SUM(S88:S92) -> 502.4 | T86: =SUM(T88:T92) -> 16244.1 | U86: =SUM(U88:U92) -> 0 | V86: =J86/F86 -> 0.978
B87: из них
B88: Создание в общеобразовательных организациях, расположенных в сельской местности и малых городах, условий для занятий физической культурой и спортом | C88: 821 | D88: Департамент архитектуры и строительства Томской области | E88: 09WE250970 | F88: =G88+H88+I88 -> 8789.5 | G88: 263.4 | H88: 8517.3 | I88: 8.8 | J88: =K88+L88+M88 -> 8435.1 | K88: 252.8 | L88: 8173.8 | M88: 8.5 | N88: =O88+P88+Q88 -> 8614.3 | O88: 258.4 | P88: 8355.9 | R88: =S88+T88+U88 -> 9732.6 | S88: 292 | T88: 9440.6 | V88: =J88/F88 -> 0.96
B89: Создание центров выявления и поддержки одаренных детей | C89: 815 | D89: Департамент общего образования Томской области | E89: 09WE251890 | F89: =G89+H89+I89 -> 0 | G89: 0 | J89: =K89+L89+M89 -> 0 | N89: =O89+P89+Q89 -> 341757.8 | O89: 150527.3 | P89: 191230.5 | R89: =S89+T89+U89 -> 0 | S89: 0 | V89: =J89/F89 -> #DIV/0!
B90: Создание новых мест в образовательных организациях различных типов для реализации дополнительных общеразвивающих программ всех направленностей | C90: 815 | D90: Департамент общего образования Томской области | E90: 09WE254910 | F90: =G90+H90+I90 -> 0 | G90: 0 | J90: =K90+L90+M90 -> 0 | N90: =O90+P90+Q90 -> 0 | O90: 0 | R90: =S90+T90+U90 -> 7013.9 | S90: 210.4 | T90: 6803.5 | V90: =J90/F90 -> #DIV/0!
B91: Внедрение целевой модели развития региональных систем дополнительного образования детей | C91: 815 | D91: Департамент общего образования Томской области | E91: 09WE255371 | F91: =G91+H91+I91 -> 4000 | G91: 4000 | J91: =K91+L91+M91 -> 4000 | K91: 4000 | N91: =O91+P91+Q91 -> 0 | O91: 0 | R91: =S91+T91+U91 -> 0 | S91: 0 | V91: =J91/F91 -> 1
B92: Информационно-методическое сопровождение кружкового движения и организация проведения Национальной технологической олимпиады | C92: 815 | D92: Департамент общего образования Томской области | E92: 09WE255372 | F92: =G92+H92+I92 -> 3321 | G92: 3321 | J92: =K92+L92+M92 -> 3321 | K92: 3321 | N92: =O92+P92+Q92 -> 0 | O92: 0 | R92: =S92+T92+U92 -> 0 | S92: 0 | V92: =J92/F92 -> 1
A93: 3.3 | B93: Региональный проект "Цифровая образовательная среда", всего | C93: Х | D93: Х | E93: Х | F93: =G93+H93+I93 -> 127278 | G93: =SUM(G95:G100) -> 36449 | H93: =SUM(H95:H100) -> 90829 | I93: =SUM(I95:I100) -> 0 | J93: =K93+L93+M93 -> 127278.1 | K93: =SUM(K95:K100) -> 36449 | L93: =SUM(L95:L100) -> 90829.1 | M93: =SUM(M95:M100) -> 0 | N93: =O93+P93+Q93 -> 156583.9 | O93: =SUM(O95:O100) -> 50316.8 | P93: =SUM(P95:P100) -> 106267.1 | Q93: =SUM(Q95:Q100) -> 0 | R93: =S93+T93+U93 -> 43457 | S93: =SUM(S95:S100) -> 31069.4 | T93: =SUM(T95:T100) -> 12387.6 | U93: =SUM(U95:U100) -> 0 | V93: =J93/F93 -> 1
B94: из них
B95: Внедрение и функционирование целевой модели цифровой образовательной среды в муниципальных общеобразовательных организациях | C95: 815 | D95: Департамент общего образования Томской области | E95: 09WE441900 | F95: =G95+H95+I95 -> 29506 | G95: 29506 | J95: =K95+L95+M95 -> 29506 | K95: 29506 | N95: =O95+P95+Q95 -> 41501.9 | O95: 41501.9 | R95: =S95+T95+U95 -> 25786.3 | S95: 25786.3 | V95: =J95/F95 -> 1
B96: Обеспечение образовательных организаций материально-технической базой для внедрения цифровой образовательной среды | C96: 815 | D96: Департамент общего образования Томской области | E96: 09WE452100 | F96: =G96+H96+I96 -> 63693.4 | G96: 1910.8 | H96: 61782.6 | J96: =K96+L96+M96 -> 63693.5 | K96: 1910.8 | L96: 61782.7 | N96: =O96+P96+Q96 -> 96453.6 | O96: 2893.6 | P96: 93560 | R96: =S96+T96+U96 -> 12770.7 | S96: 383.1 | T96: 12387.6 | V96: =J96/F96 -> 1
B97: Обеспечение образовательных организаций материально-технической базой для внедрения цифровой образовательной среды | C97: 816 | D97: Департамент профессионального образования Томской области | E97: 09WE452100 | F97: =G97+H97+I97 -> 12501.2 | G97: 375 | H97: 12126.2 | J97: =K97+L97+M97 -> 12501.2 | K97: =3.3+371.7 -> 375 | L97: =107.6+12018.6 -> 12126.2 | N97: =O97+P97+Q97 -> 13100.1 | O97: 393 | P97: 12707.1 | R97: =S97+T97+U97 -> 0 | S97: 0 | V97: =J97/F97 -> 1
B98: Функционирование целевой модели цифровой образовательной среды в профессиональных образовательных организациях | C98: 816 | D98: Департамент профессионального образования Томской области | E98: 09WE452101 | F98: =G98+H98+I98 -> 3561.2 | G98: =3605.13-43.9 -> 3561.2 | J98: =K98+L98+M98 -> 3561.2 | K98: =2582.9+978.3 -> 3561.2 | N98: =O98+P98+Q98 -> 4325.9 | O98: 4325.9 | R98: =S98+T98+U98 -> 4390.5 | S98: 4390.5 | V98: =J98/F98 -> 1
B99: Внедрение и функционирование целевой модели цифровой образовательной среды в общеобразовательных организациях | C99: 815 | D99: Департамент общего образования Томской области | E99: 09WE452102 | F99: =G99+H99+I99 -> 572.7 | G99: 572.7 | J99: =K99+L99+M99 -> 572.7 | K99: 572.7 | N99: =O99+P99+Q99 -> 1202.4 | O99: 1202.4 | R99: =S99+T99+U99 -> 509.5 | S99: 509.5 | V99: =J99/F99 -> 1
B100: Создание центров цифрового образования детей | C100: 815 | D100: Департамент общего образования Томской области | E100: 09WE452190 | F100: =G100+H100+I100 -> 17443.5 | G100: 523.3 | H100: 16920.2 | J100: =K100+L100+M100 -> 17443.5 | K100: 523.3 | L100: 16920.2 | N100: =O100+P100+Q100 -> 0 | O100: 0 | R100: =S100+T100+U100 -> 0 | S100: 0 | V100: =J100/F100 -> 1
A101: 3.4 | B101: Региональный проект "Молодые профессионалы (Повышение конкурентоспособности профессионального образования)", всего | C101: Х | D101: Х | E101: Х | F101: =G101+H101+I101 -> 58779.8 | G101: =SUM(G103:G103) -> 1763.4 | H101: =SUM(H103:H103) -> 57016.4 | I101: =SUM(I103:I103) -> 0 | J101: =K101+L101+M101 -> 58779.8 | K101: =SUM(K103:K103) -> 1763.4 | L101: =SUM(L103:L103) -> 57016.4 | M101: =SUM(M103:M103) -> 0 | N101: =O101+P101+Q101 -> 27351.6 | O101: =SUM(O103:O103) -> 820.5 | P101: =SUM(P103:P103) -> 26531.1 | Q101: =SUM(Q103:Q103) -> 0 | R101: =S101+T101+U101 -> 26462.1 | S101: =SUM(S103:S103) -> 793.9 | T101: =SUM(T103:T103) -> 25668.2 | U101: =SUM(U103:U103) -> 0 | V101: =J101/F101 -> 1
...

Sheet Лист2
A1: Информация о плановых ассигнованиях и кассовом исполнении расходов консолидированного бюджета Томской области на реализацию региональных проектов Томской области по состоянию на 01.08.2021
A4: № п/п | B4: Наименование | C4: 2021 год | D4: 2021 год | E4: % исполнения | F4: ФИО сотрудника Депатамента Финансов Томской области | G4: Описание процента исполнения | I4: № п/п | J4: Наименование | K4: Плановые ассигнования | L4: На 01.08.2021 | N4: На 20.08.2021
L5: исполнено | M5: % исполнения | N5: исполнено | O5: % исполнения
B6: ВСЕГО: | C6: =Лист1!F8/1000 -> 18035.4 | D6: =Лист1!J8/1000 -> 14573.1 | E6: =Лист1!V8 -> 0.808 | J6: ВСЕГО: | K6: =C6 -> 18035.4 | L6: =D6 -> 14573.1 | M6: =L6/K6*100 -> 80.8 | N6: 5306.5 | O6: =N6/K6 -> 0.294 | P6: =N6-L6 -> -9266.6
A7: 1 | B7: Национальный проект "Безопасные и качественные автомобильные дороги" | C7: =Лист1!F147/1000 -> 6406.2 | D7: =Лист1!J147/1000 -> 6368.3 | E7: =Лист1!V147/1000 -> 0.001 | I7: 1 | J7: Национальный проект "Безопасные и качественные автомобильные дороги" | K7: =C7 -> 6406.2 | L7: =D7 -> 6368.3 | M7: =L7/K7*100 -> 99.4 | N7: 1692.4 | O7: =N7/K7 -> 0.264 | P7: =N7-L7 -> -4675.9
A8: 2 | B8: Национальный проект "Демография" | C8: =Лист1!F9/1000 -> 2505.9 | D8: =Лист1!J9/1000 -> 2472.1 | E8: =Лист1!V9/1000 -> 0.001 | I8: 2 | J8: Национальный проект "Демография" | K8: =C8 -> 2505.9 | L8: =D8 -> 2472.1 | M8: =L8/K8*100 -> 98.7 | N8: 2032.2 | O8: =N8/K8 -> 0.811 | P8: =N8-L8 -> -439.9
A9: 3 | B9: Национальный проект "Здравоохранение" | C9: =Лист1!F37/1000 -> 3769.6 | D9: =Лист1!J37/1000 -> 2764.7 | E9: =Лист1!V37/1000 -> 0.001 | I9: 3 | J9: Национальный проект "Здравоохранение" | K9: =C9 -> 3769.6 | L9: =D9 -> 2764.7 | M9: =L9/K9*100 -> 73.3 | N9: 350.4 | O9: =N9/K9 -> 0.093 | P9: =N9-L9 -> -2414.3
A10: 4 | B10: Национальный проект "Жилье и городская среда" | C10: =Лист1!F118/1000 -> 3597.3 | D10: =Лист1!J118/1000 -> 1622.6 | E10: =Лист1!V118/1000 -> 0 | I10: 5 | J10: Национальный проект "Жилье и городская среда" | K10: =C10 -> 3597.3 | L10: =D10 -> 1622.6 | M10: =L10/K10*100 -> 45.1 | N10: 548.5 | O10: =N10/K10 -> 0.152 | P10: =N10-L10 -> -1074.1
A11: 5 | B11: Национальный проект "Образование" | C11: =Лист1!F69/1000 -> 1324.6 | D11: =Лист1!J69/1000 -> 954.3 | E11: =Лист1!V69/1000 -> 0.001 | I11: 4 | J11: Национальный проект "Образование" | K11: =C11 -> 1324.6 | L11: =D11 -> 954.3 | M11: =L11/K11*100 -> 72 | N11: 355 | O11: =N11/K11 -> 0.268 | P11: =N11-L11 -> -599.3
A12: 6 | B12: Национальный проект "Экология" | C12: =Лист1!F134/1000 -> 42.1 | D12: =Лист1!J134/1000 -> 22 | E12: =Лист1!V134/1000 -> 0.001 | I12: 6 | J12: Национальный проект "Экология" | K12: =C12 -> 42.1 | L12: =D12 -> 22 | M12: =L12/K12*100 -> 52.3 | N12: 120.2 | O12: =N12/K12 -> 2.855 | P12: =N12-L12 -> 98.2
A13: 7 | B13: Национальный проект "Малое и среднее предпринимательство и поддержка индивидуальной предпринимательской инициативы" | C13: =Лист1!F185/1000 -> 148 | D13: =Лист1!J185/1000 -> 146.5 | E13: =Лист1!V185/1000 -> 0.001 | I13: 7 | J13: Национальный проект "Малое и среднее предпринимательство и поддержка индивидуальной предпринимательской инициативы" | K13: =C13 -> 148 | L13: =D13 -> 146.5 | M13: =L13/K13*100 -> 99 | N13: 145.1 | O13: =N13/K13 -> 0.98 | P13: =N13-L13 -> -1.4
A14: 8 | B14: Национальный проект "Культура" | C14: =Лист1!F164/1000 -> 173.8 | D14: =Лист1!J164/1000 -> 154.8 | E14: =Лист1!V164/1000 -> 0.001 | I14: 8 | J14: Национальный проект "Культура" | K14: =C14 -> 173.8 | L14: =D14 -> 154.8 | M14: =L14/K14*100 -> 89.1 | N14: 46 | O14: =N14/K14 -> 0.265 | P14: =N14-L14 -> -108.8
A15: 9 | B15: Национальный проект "Цифровая экономика" | C15: =Лист1!F109/1000 -> 9.5 | D15: =Лист1!J109/1000 -> 9.5 | E15: =Лист1!V109/1000 -> 0.001 | I15: 9 | J15: Национальный проект "Цифровая экономика" | K15: =C15 -> 9.5 | L15: =D15 -> 9.5 | M15: =L15/K15*100 -> 100 | N15: 4.3 | O15: =N15/K15 -> 0.453 | P15: =N15-L15 -> -5.2
A16: 10 | B16: Национальный проект "Международная кооперация и экспорт" | C16: =Лист1!F211/1000 -> 35.9 | D16: =Лист1!J211/1000 -> 35.9 | E16: =Лист1!V211/1000 -> 0.001 | I16: 10 | J16: Национальный проект "Международная кооперация и экспорт" | K16: =C16 -> 35.9 | L16: =D16 -> 35.9 | M16: =L16/K16*100 -> 100 | N16: 0 | O16: =N16/K16 -> 0 | P16: =N16-L16 -> -35.9
A17: 11 | B17: Национальный проект "Производительность труда и поддержка занятости" | C17: =Лист1!F203/1000 -> 22.3 | D17: =Лист1!J203/1000 -> 22.3 | E17: =Лист1!V203/1000 -> 0.001 | I17: 11 | J17: Национальный проект "Производительность труда и поддержка занятости" | K17: =C17 -> 22.3 | L17: =D17 -> 22.3 | M17: =L17/K17*100 -> 100 | N17: 12.4 | O17: =N17/K17 -> 0.556 | P17: =N17-L17 -> -9.9
D19: 4395 | K19: =N19-D19 -> 672.3 | N19: 5067.3
